 Dungeon Crawl Stone Soup version 0.18-a0-373-gaf408bd (webtiles) character file.

115 Duffy the Sneak (level 5, -1/32 HPs)
             Began as a Kobold Assassin on Nov 30, 2015.
             Slain by a phantom (4 damage)
             ... on level 3 of the Dungeon.
             The game lasted 00:03:41 (2824 turns).

Duffy the Sneak (Kobold Assassin)                   Turns: 2824, Time: 00:03:41

Health: -1/32      AC:  6    Str: 10    XL:     5   Next: 20%
Magic:  5/5        EV: 14    Int:  9    God:
Gold:   106        SH:  0    Dex: 20    Spells: 0 memorised, 4 levels left

rFire  . . .     SeeInvis .     a - +2 dagger
rCold  . . .     Clarity  .     h - +0 ring mail
rNeg   . . .     SustAt   .     (shield restricted)
rPois  +         Gourm    .     (no helmet)
rElec  .         Spirit   .     d - +0 cloak
rCorr  .         Warding  .     (no gloves)
rMut   .         Stasis   .     (no boots)
MR     .....                    (no amulet)
Stlth  +++.......               q - +2 ring of dexterity
                                m - ring of poison resistance

@: not resistant to hostile enchantments, fairly stealthy
A: carnivore 3
a: no special abilities


You were on level 3 of the Dungeon.
You were full.

You visited 1 branch of the dungeon, and saw 3 of its levels.

You collected 106 gold pieces.


Innate Abilities, Weirdness & Mutations

You are small and have problems with some larger weapons.
You are carnivorous and can eat meat at any time.


   Skills:
 + Level 3.0 Fighting
 - Level 2.8 Short Blades
 - Level 4.2 Throwing
 + Level 2.6 Dodging
 - Level 5.5 Stealth


You had 4 spell levels left.
You didn't know any spells.

Inventory:

Hand Weapons
 a - a +2 dagger (weapon)
 b - a +0 blowgun
 c - a +1 dagger of flaming
 r - a +0 flail
Missiles
 e - 8 poisoned needles
 f - 2 curare-tipped needles
Armour
 d - a +0 cloak (worn)
 h - a +0 ring mail (worn)
 t - a +0 leather armour
Jewellery
 m - a ring of poison resistance (left hand)
 q - a +2 ring of dexterity (right hand)
Wands
 x - a wand of random effects (22)
Scrolls
 i - a scroll of amnesia {unknown}
 k - a scroll of remove curse
 l - a scroll of identify {unknown}
 o - a scroll of teleportation {unknown}
 p - a scroll of random uselessness {unknown}
Potions
 j - a potion of heal wounds {unknown}
 s - a potion of flight {unknown}
 u - 2 potions of magic {unknown}
 v - a potion of curing {unknown}
 w - a potion of brilliance {unknown}
Comestibles
 g - a meat ration
 n - 3 beef jerkies

Dungeon Overview and Level Annotations

Branches:
Dungeon (3/15)

Altars:
Zin


Message History

You are too injured to fight recklessly!
You are too injured to fight recklessly!
You are too injured to fight recklessly!
You are too injured to fight recklessly!
You are too injured to fight recklessly!
You are too injured to fight recklessly!
You are too injured to fight recklessly!
You are too injured to fight recklessly!
You hit the phantom.
The phantom is lightly damaged.
The phantom hits you but does no damage.
You hit the phantom.
The phantom is moderately damaged.
The phantom hits you but does no damage.
You barely miss the phantom.
The phantom is moderately damaged.
The phantom hits you.
You hit the phantom but do no damage.
The phantom is moderately damaged.
The phantom barely misses you.
You closely miss the phantom.
The phantom is moderately damaged.
The phantom completely misses you.
You completely miss the phantom.
The phantom is moderately damaged.
You completely miss the phantom.
The phantom is moderately damaged.
The phantom hits you.
You hit the phantom.
The phantom is moderately damaged.
The phantom barely misses you.
You hit the phantom but do no damage.
The phantom is moderately damaged.
The phantom hits you.
You die...

#.#......#
#.#.######
#.#.#
#.#.# #.#
#.# # #.#
#.#.#
#.#@##
#...W##
#.....#
##....#
##.#.#
#.#.#
....#
#####


You could see a phantom.

Action                   |  1- 3 |  4- 6 || total
-------------------------+-------+-------++-------
Melee: Dagger            |    84 |    86 ||   170
 Fire: Blowgun           |     6 |     2 ||     8
  Use: Scroll            |       |     1 ||     1
 Stab: Distracted        |     1 |       ||     1
       Sleeping          |     5 |     7 ||    12
  Eat: Chunk             |     5 |     5 ||    10

Notes
Turn   | Place    | Note
--------------------------------------------------------------
     0 | D:1      | Duffy the Kobold Assassin began the quest for the Orb.
     0 | D:1      | Reached XP level 1. HP: 12/12 MP: 1/1
   448 | D:1      | Reached XP level 2. HP: 14/17 MP: 2/2
   586 | D:1      | Reached skill level 3 in Throwing
   975 | D:1      | Reached XP level 3. HP: 21/21 MP: 3/3
  1373 | D:1      | Reached skill level 4 in Throwing
  1404 | D:1      | Reached XP level 4. HP: 3/26 MP: 4/4
  2076 | D:2      | Reached skill level 2 in Dodging
  2302 | D:2      | Noticed Natasha
  2312 | D:2      | Killed Natasha
  2312 | D:2      | Reached XP level 5. HP: 31/31 MP: 5/5
  2712 | D:3      | Found a glowing silver altar of Zin.
  2794 | D:3      | Noticed a phantom
  2804 | D:3      | Reached skill level 3 in Fighting
  2824 | D:3      | Slain by a phantom

Vault maps used:
D:1:      lemuel_arrival_room, st_stairs_1, lemuel_old_faithful
D:2:      item_on_display_a, uniq_natasha
D:3:      lemuel_statue_altar, uniq_robin

Vanquished Creatures
  Natasha
  An adder
  3 gnolls
  An ooze
  A worm
  2 giant geckos
  3 goblins
  7 hobgoblins
  3 jackals
  15 kobolds
  2 bats
  A giant cockroach
  3 giant newts
  4 rats
47 creatures vanquished.
